 Dungeon Crawl Stone Soup version 0.24.0-13-gcf9b319 (webtiles) character file.

Game seed: 11192649066211401756, levelgen mode: deterministic

4484 Doobh the Changer (level 10, -1/73 (74) HPs)
             Began as a Demonspawn Transmuter on Dec 30, 2019.
             Slain by a hog (7 damage)
             ... on level 9 of the Dungeon.
             The game lasted 00:40:14 (10651 turns).

Doobh the Changer (Demonspawn Transmuter)          Turns: 10651, Time: 00:40:15

HP:   -1/73 (74)    AC: 12    Str: 12 (13) XL:     10   Next: 16%
MP:   16/16         EV: 11    Int: 17      God:
Gold: 468           SH:  0    Dex: 16      Spells: 11/17 levels left

rFire    + + .     SeeInvis .     - Unarmed
rCold    . . .     Gourm    .   (no shield)
rNeg     . . .     Faith    .   s - +3 scale mail {rF+}
rPois    .         Spirit   .   (helmet restricted)
rElec    .         Reflect  .   p - +1 cloak
rCorr    +         Harm     .   (no gloves)
MR       .....                  (boots currently unavailable)
Stlth    +++.......             f - amulet of rage
HPRegen  0.22/turn              m - ring of resist corrosion
MPRegen  0.15/turn              (no ring)

@: appendage (expiring)
A: antennae 1, talons 3, thin skeletal structure 1, clever 1, demonic guardian
2, fire resistance 1, nightstalker 1, sense surroundings 1, MP-powered wands
a: End Transformation, Evoke Berserk Rage


You were on level 9 of the Dungeon.
You were not hungry.
You had grown temporary talons.
You visited 2 branches of the dungeon, and saw 10 of its levels.

You collected 468 gold pieces.

Inventory:

Missiles
 a - 119 arrows
Armour
 b - a +0 robe
 o - a +0 leather armour
 p - a +1 cloak (worn)
 s - a +3 scale mail of fire resistance (worn)
Magical Staves
 w - an uncursed staff of cold {unknown}
Jewellery
 f - an amulet of rage (around neck)
 m - a ring of resist corrosion (left hand)
Wands
 x - a wand of random effects (3)
 C - a wand of flame (28)
 E - a wand of disintegration (12)
 F - a wand of iceblast (9)
 G - a wand of polymorph (9)
Scrolls
 e - 4 scrolls of remove curse
 g - 5 scrolls of enchant weapon
 h - 4 scrolls of immolation
 i - a scroll of blinking
 j - 3 scrolls of teleportation
 y - 5 scrolls of identify {unknown}
 A - 3 scrolls of amnesia
 B - 2 scrolls of fear {unknown}
 D - a scroll of torment {unknown}
Potions
 c - 2 potions of heal wounds
 k - 3 potions of curing
 l - a potion of mutation
 n - a potion of haste {unknown}
 q - a potion of flight {unknown}
 r - 3 potions of ambrosia
 t - a potion of magic {unknown}
 u - a potion of berserk rage {unknown}
 v - a potion of brilliance {unknown}
 z - 2 potions of lignification {unknown}
 H - a potion of might {unknown}
Comestibles
 d - 5 rations
 I - 2 chunks of flesh


   Skills:
 + Level 5.3 Fighting
 + Level 4.7 Armour
 + Level 5.1 Dodging
 + Level 5.2 Stealth
 + Level 5.6 Unarmed Combat
 - Level 4.0 Spellcasting
 * Level 6.9 Transmutations
 * Level 2.2 Evocations


You had 11 spell levels left.
You knew the following spells:

 Your Spells              Type           Power        Failure   Level  Hunger
a - Beastly Appendage     Tmut           ####..       4%          1    None
b - Blade Hands           Tmut           ####......   75%         5    ######.

Your spell library contained the following spells:

 Spells                   Type           Power        Failure   Level  Hunger
 Sticks to Snakes         Tmut           ####....     6%          2    ##.....
 Spider Form              Tmut/Pois      ###.......   47%         3    ###....
 Animate Skeleton         Necr           N/A          58%         1    None
 Apportation              Tloc           #.....       58%         1    None
 Confusing Touch          Hex            #.....       58%         1    None
 Sting                    Conj/Pois      #...         58%         1    None
 Summon Small Mammal      Summ           #...         58%         1    None
 Poisonous Vapours        Pois/Air       #.....       73%         2    ##.....
 Ice Form                 Ice/Tmut       ###.....     87%         4    ####...
 Mephitic Cloud           Conj/Pois/Air  #.......     91%         3    ###....
 Alistair's Intoxication  Tmut/Pois      ###.....     99%         5    ######.
 Olgreb's Toxic Radiance  Pois           #.......     100%        4    ####...


Dungeon Overview and Level Annotations

Branches:
Dungeon (9/15)             Temple (1/1) D:5            Lair (0/6) D:8
    Orc: D:9-12

Altars:
Ashenzari
Cheibriados
Dithmenos
Elyvilon
Fedhas
Gozag
Hepliaklqana
Kikubaaqudgha
Makhleb
Nemelex Xobeh
Okawaru
Qazlal
Ru
Sif Muna
Uskayaw
Vehumet
Wu Jian
Xom
Yredelemnul
Zin
The Shining One

Shops:
D:4 [

Annotations:
D:3 2 transporters, exclusion: downstairs, Grinder; Vulpanium's ghost, amateur HuAE
D:6 2 runed translucent doors, exclusion: 2 doors, MakMorn's ghost, novice OgBe


Innate Abilities, Weirdness & Mutations

You have a pair of small antennae on your head.
You have a somewhat thin skeletal structure. (Dex +2, Stealth)
A demonic guardian rushes to your aid.
You are slightly more attuned to the shadows.
You have claws for feet.
Your mind is acute. (Int +2)
Your flesh is heat resistant. (rF+)
You passively map a small area around you.
You expend magic power (3 MP) to strengthen your wands.


Message History

You closely miss the hog. You claw the hog, but do no damage.
The hog is heavily wounded.
The hog bites you but does no damage.
You barely miss the hog.
The hog is heavily wounded.
The hog barely misses you.
You closely miss the hog. You claw the hog.
The hog is heavily wounded.
The hog barely misses you.
You hit the hog. You claw the hog.
The hog is almost dead.
Your transformation is almost over.
The hog bites you!
* * * LOW HITPOINT WARNING * * *
You closely miss the hog. Your kick misses the hog.
The hog is almost dead.
The hog bites you.
* * * LOW HITPOINT WARNING * * *
The hog bites you!
You die...

##..####............#########..##
#..# #............# #..# #..#
#............# #..# #..#
#............# #..# #..#
#............# #..# #..#
#...........####### #..# #..# *
......รท...#.....# #..# #..#
..........#.hh..# #..# ####
#######@h####Y### ####
##..#....%# #..)...%%# ##.#######
###


You could see a hog.

Vanquished Creatures
  2 hogs (D:9)
  A porcupine (D:8)
  2 ice beasts
  A black bear (D:9)
  2 ogres
  A necrophage (D:9)
  A centaur (D:9)
  A crocodile (D:8)
  A bullfrog (D:6)
  2 scorpions
  A water moccasin skeleton (D:5)
  A killer bee (D:8)
  A wight (D:8)
  2 electric eels (D:8)
  2 crimson imps
  A bullfrog zombie (D:6)
  A centaur zombie (D:5)
  4 hounds
  A jelly (D:5)
  2 bullfrog skeletons
  2 orc priests (D:9)
  An iron imp (D:6)
  Crazy Yiuf (D:3)
  Terence (D:3)
  4 iguanas
  6 worker ants
  4 hound zombies
  A hound skeleton (D:7)
  A worker ant zombie (D:6)
  A howler monkey zombie (D:6)
  5 adders
  A shadow imp (D:6)
  An ooze (D:2)
  2 adder zombies
  A worm (D:3)
  3 dart slugs
  6 leopard geckos
  5 orcs
  4 giant cockroaches
  7 goblins
  5 hobgoblins
  2 jackals (D:5)
  A quokka (D:2)
  A ball python (D:3)
  6 bats
  10 frilled lizards
  2 jackal skeletons
  6 kobolds
  4 rats
124 creatures vanquished.

Vanquished Creatures (collateral kills)
  Harold (D:7)
  A two-headed ogre (D:8)
  Prince Ribbit (D:5)
  A hippogriff (D:9)
  A basilisk (D:8)
  A yak (D:9)
  A human (D:9)
  2 porcupines (D:8)
  2 ice beasts (D:8)
  A sky beast (D:8)
  3 black bears (D:8)
  A phantom (D:5)
  2 ogres
  2 wolves (D:8)
  A necrophage (D:5)
  A crocodile (D:8)
  A bullfrog (D:8)
  5 killer bees (D:8)
  2 wights (D:8)
  A howler monkey (D:4)
  2 hounds
  An orc wizard (D:9)
  An adder (D:4)
  2 orcs (D:9)
37 creatures vanquished.

Vanquished Creatures (others)
  A sky beast (D:7)
  3 fungi (D:8)
  4 plants (D:8)
8 creatures vanquished.

Grand Total: 169 creatures vanquished

Notes
Turn   | Place    | Note
-------+----------+-------------------------------------------
     0 | D:1      | Doobh the Demonspawn Transmuter began the quest for the
                  | Orb.
     0 | D:1      | Reached XP level 1. HP: 15/15 MP: 3/3
   401 | D:1      | Gained mutation: You have a somewhat thin skeletal
                  | structure. (Dex +2, Stealth) [demonic ancestry]
   401 | D:1      | Reached XP level 2. HP: 15/21 MP: 3/5
   682 | D:1      | Reached skill level 2 in Transmutations
  1238 | D:1      | Gained mutation: You are slightly more attuned to the
                  | shadows. [demonic ancestry]
  1238 | D:1      | Reached XP level 3. HP: 24/26 MP: 4/6
  1376 | D:2      | Found an iron altar of Okawaru.
  1879 | D:2      | Found a glowing silver altar of Zin.
  1908 | D:2      | Reached skill level 1 in Stealth
  1908 | D:2      | Gained mutation: A weak demonic guardian rushes to your
                  | aid. [demonic ancestry]
  1908 | D:2      | Reached XP level 4. HP: 3/32 MP: 6/8
  2242 | D:2      | Found a faded altar of an unknown god.
  2378 | D:2      | Found a burning altar of Makhleb.
  2380 | D:2      | Noticed a cacodemon
  2383 | D:2      | Noticed a ynoxinul
  2383 | D:2      | Noticed a neqoxec
  2499 | D:3      | Found a transporter.
  2500 | D:3      | Noticed Vulpanium's ghost (amateur HuAE)
  2535 | D:3      | Found a transporter.
  2649 | D:3      | Found a white marble altar of Elyvilon.
  2693 | D:3      | Reached skill level 1 in Armour
  2890 | D:3      | Noticed Terence
  2908 | D:3      | Killed Terence
  2962 | D:3      | Noticed Grinder
  2995 | D:3      | Found a shadowy altar of Dithmenos.
  3072 | D:3      | Gained mutation: You have a pair of small antennae on your
                  | head. [demonic ancestry]
  3072 | D:3      | Reached XP level 5. HP: 38/38 MP: 7/9
  3121 | D:3      | Found a runed translucent door.
  3124 | D:3      | Noticed Crazy Yiuf
  3138 | D:3      | Killed Crazy Yiuf
  3745 | D:4      | Found Ciaggyc's Armour Shop.
  3994 | D:4      | Gained mutation: A demonic guardian rushes to your aid.
                  | [demonic ancestry]
  3994 | D:4      | Reached XP level 6. HP: 42/44 MP: 11/11
  4458 | D:5      | Entered Level 5 of the Dungeon
  4938 | D:5      | Found a shimmering altar of Xom.
  4939 | D:5      | Found a shadowy altar of Dithmenos.
  4939 | D:5      | Found a glowing golden altar of the Shining One.
  4942 | D:5      | Found a shimmering altar of Xom.
  4942 | D:5      | Found a stormy altar of Qazlal.
  4942 | D:5      | Found a glowing golden altar of the Shining One.
  5086 | D:5      | Found a shattered altar of Ashenzari.
  5234 | D:5      | Found a staircase to the Ecumenical Temple.
  5242 | Temple   | Entered the Ecumenical Temple
  5524 | D:5      | Reached skill level 3 in Transmutations
  5524 | D:5      | Reached XP level 7. HP: 51/51 MP: 10/13
  5531 | D:5      | Learned a level 5 spell: Blade Hands
  5686 | D:5      | Found a radiant altar of Vehumet.
  5702 | D:5      | Noticed Prince Ribbit
  5724 | D:5      | Killed Prince Ribbit
  6356 | D:6      | Found a runed translucent door.
  6370 | D:6      | Noticed MakMorn's ghost (novice OgBe)
  6393 | D:6      | Found a hide-covered altar of Uskayaw.
  6477 | D:6      | Found a snail-covered altar of Cheibriados.
  6589 | D:6      | Reached XP level 8. HP: 45/58 MP: 14/14
  6598 | D:6      | Reached skill level 4 in Transmutations
  6803 | D:6      | Found a runed translucent door.
  6906 | D:5      | HP: 2/58 [ogre/+0 giant club (12)]
  7228 | D:7      | Noticed Harold
  7263 | D:7      | Killed Harold
  7393 | D:7      | Identified Norunudo's Tome of Venom
  7471 | D:7      | Found an ornate altar of the Wu Jian Council.
  7840 | D:8      | Reached skill level 5 in Transmutations
  7843 | D:8      | Noticed a two-headed ogre
  8085 | D:8      | Killed a two-headed ogre
  8085 | D:8      | Reached XP level 9. HP: 54/65 MP: 15/15
  8118 | D:8      | Reached skill level 5 in Unarmed Combat
  8205 | D:8      | Reached skill level 6 in Transmutations
  8829 | D:8      | Gained mutation: You expend magic power (3 MP) to
                  | strengthen your wands. [potion of mutation]
  8829 | D:8      | Gained mutation: Your flesh is heat resistant. (rF+)
                  | [potion of mutation]
  8829 | D:8      | Gained mutation: You passively map a small area around you.
                  | [potion of mutation]
  8829 | D:8      | Gained mutation: Your mind is acute. (Int +2) [potion of
                  | mutation]
  9472 | D:8      | Found a staircase to the Lair.
  9687 | D:9      | Reached skill level 5 in Fighting
  9701 | D:9      | Reached skill level 5 in Dodging
  9701 | D:9      | Reached skill level 5 in Stealth
  9701 | D:9      | Reached skill level 1 in Evocations
 10030 | D:9      | Reached XP level 10. HP: 63/73 MP: 16/16
 10276 | D:9      | Found a sacrificial altar of Ru.
 10307 | D:9      | Found a sparkling altar of Nemelex Xobeh.
 10651 | D:9      | Slain by a hog

Levels and vault maps discovered:
D:1:      minmay_arrival_plants_in_alcoves, layout_loops_corners
D:2:      layout_basic, makhleb_altar_promises_db, zin_scriptorium,
          okawaru_metal_pillars_1_2, chequers_ecumenical_altar_island,
          minmay_lizard_pond
D:3:      layout_loops_cross, elyvilon_altar_4, gammafunk_ghost_stat_death,
          nicolae_dithmenos_through_a_glass_darkly, uniq_grinder, uniq_terence,
          uniq_crazy_yiuf_cottage
D:4:      layout_loops_corners, serial_shops, shop_fountains
D:5:      layout_loops_corners, kennysheep_mini_moat, evilmike_ruin_ashenzari,
          minmay_temple_entry_arrows, first_ration, doesnt_xom_only_xom,
          uniq_prince_ribbit1
D:6:      layout_cave_pools, nicolae_overflow_crystal_walls, slow_altar_1,
          tgw_trog, ebering_ghost_sewer_f, minmay_manual_moon
D:7:      layout_cave_pools, kennysheep_little_box, marbit_many_paths,
          uniq_harold
D:8:      layout_basic, minmay_lair_entry_grove
D:9:      layout_small_grid, overflow_temple_1_default, grunt_livestock,
          minmay_misc_feat_cross, nemelex_diamond_rough_becter
Temple:   dpeg_chambers_temple

Skill      XL: |  1  2  3  4  5  6  7  8  9 10 |
---------------+-------------------------------+-----
Transmutations | 2 3 5 6 |  6.9
Dodging        | 2 3 4 5 |  5.1
Stealth        | 1 2 3 4 5 |  5.2
Unarmed Combat | 3 4 5 |  5.6
Armour         | 1 2 3 4 |  4.7
Spellcasting   | 3 4 |  4.0
Fighting       | 2 3 4 5 |  5.3
Evocations     | 1 2 |  2.2

Action                   |  1- 3 |  4- 6 |  7- 9 | 10-12 || total
-------------------------+-------+-------+-------+-------++-------
Melee: Unarmed           |   115 |   197 |   346 |    45 ||   703
       Headbutt          |     7 |       |       |       ||     7
       Kick              |    21 |    48 |    80 |    14 ||   163
       Punch             |     1 |     3 |    11 |       ||    15
 Cast: Beastly Appendage |    27 |    27 |    34 |     4 ||    92
Evoke: Wand              |       |       |    13 |       ||    13
  Use: Scroll            |       |     7 |     3 |       ||    10
       Potion            |       |       |     6 |       ||     6
 Stab: Sleeping          |     6 |     3 |     8 |       ||    17
  Eat: Chunk             |     4 |     4 |     5 |       ||    13
       Ration            |       |     2 |     3 |     1 ||     6
Armor: Robe              |     8 |       |       |       ||     8
       Leather armour    |    11 |    27 |       |       ||    38
       Scale mail        |       |    51 |   157 |    29 ||   237
Dodge: Dodged            |    54 |   108 |   221 |    25 ||   408
